 Dungeon Crawl Stone Soup version 0.20.1-1-g8b1a95d (webtiles) character file.

31 slep the Skirmisher (level 3, -2/29 HPs)
             Began as a Demonspawn Abyssal Knight on Oct 26, 2017.
             Was a Follower of Lugonu.
             Slain by a gnoll
             ... wielding a +0 antimagic spear
              (5 damage)
             ... on level 2 of the Dungeon.
             The game lasted 00:08:11 (984 turns).

slep the Skirmisher (Demonspawn Abyssal Knight)      Turns: 984, Time: 00:08:11

Health: -2/29      AC:  6    Str: 12    XL:     3   Next: 7%
Magic:  0/4        EV: 11    Int: 13    God:    Lugonu [*.....]
Gold:   77         SH:  0    Dex: 13    Spells: 2/2 levels left

rFire    . . .     SeeInvis .   a - +1 falchion
rCold    . . .     Gourm    .   (no shield)
rNeg     . . .     Faith    .   b - +0 leather armour
rPois    .         Spirit   .   (no helmet)
rElec    .         Reflect  .   (no cloak)
rCorr    .         Harm     .   (no gloves)
MR       .....                  n - +0 pair of boots
Stlth    +.........             (no amulet)
Regen    0.1/turn               (no ring)
MPRegen  0.1/turn               (no ring)

@: no status effects
A: slimy green scales 1
a: Depart the Abyss, Renounce Religion


You were on level 2 of the Dungeon.
You worshipped Lugonu.
Lugonu was aware of your devotion.
You were not hungry.

You visited 1 branch of the dungeon, and saw 2 of its levels.
You visited the Abyss 1 time.

You collected 77 gold pieces.

Inventory:

Hand Weapons
 a - a +1 falchion (weapon)
Armour
 b - a +0 leather armour (worn)
 n - a +0 pair of boots (worn)
Scrolls
 e - 2 scrolls of random uselessness {unknown}
 g - a scroll of blinking {unknown}
 i - 5 scrolls of teleportation {unknown}
Potions
 d - a potion of heal wounds {unknown}
 h - 2 potions of lignification {unknown}
 j - a potion of ambrosia {unknown}
 k - a potion of agility {unknown}
Comestibles
 c - 2 bread rations
 f - 2 meat rations
 l - a fruit
 m - 4 chunks of flesh


   Skills:
 + Level 3.4 Fighting
 + Level 2.4 Long Blades
 + Level 1.9 Armour
 + Level 1.1 Dodging
 + Level 2.6 Invocations


You had 2 spell levels left.
You didn't know any spells.

Dungeon Overview and Level Annotations

Branches:
Dungeon (2/15)

Altars:


Innate Abilities, Weirdness & Mutations

You are partially covered in slimy green scales. (AC +2)


Message History

Your experience leads to an increase in your attributes!
Increase (S)trength, (I)ntelligence, or (D)exterity?
You feel agile. The gnoll hits you but does no damage.
The gnoll closely misses you.
You riposte.
You hit the gnoll.
The gnoll is lightly wounded.
The gnoll closely misses you.
You closely miss the gnoll.
The gnoll is lightly wounded.
The gnoll hits you but does no damage. x2
You hit the gnoll.
The gnoll is severely wounded.
The gnoll hits you with an antimagic spear.
* * * LOW HITPOINT WARNING * * *
You feel your power leaking away. The gnoll misses you.
You hit the gnoll but do no damage.
The gnoll is severely wounded.
The gnoll hits you with an antimagic spear.
You die...

#....?..#. #........#.
#......g. #.######.#.
#.......# #......#.#.
#.....gg# ####...#.#.
#[......# #...#.#^
#.......# #...#.#.
#..g....# #...#.#.
#'###############...#.#.
#...ggg@...........†#.#.
###################...#.
#.###. #.# #. #.# #. #.#
#. #.# #. #.###. #.....


You could see 3 gnolls.

Vanquished Creatures
  A gnoll (D:2)
  A dart slug (D:1)
  A giant cockroach (D:2)
  2 goblins (D:1)
  6 hobgoblins
  3 kobolds
  4 bats
  A frilled lizard (D:2)
  A rat (D:1)
20 creatures vanquished.

Notes
Turn   | Place    | Note
-------+----------+-------------------------------------------
     0 | Abyss:1  | slep the Demonspawn Abyssal Knight began the quest for the Orb.
     0 | Abyss:1  | Reached XP level 1. HP: 18/18 MP: 2/2
    47 | Abyss:1  | Noticed a large abomination
   162 | Abyss:1  | Noticed a small abomination
   181 | Abyss:1  | Noticed an ancient zyme
   195 | D:1      | Escaped the Abyss
   262 | D:1      | Reached skill level 1 in Dodging
   340 | D:1      | Reached * piety under Lugonu
   364 | D:1      | Gained mutation: You are partially covered in slimy green scales. (AC +2) [demonic ancestry]
   364 | D:1      | Reached XP level 2. HP: 9/24 MP: 3/3
   972 | D:2      | Reached XP level 3. HP: 8/29 MP: 0/4
   984 | D:2      | Slain by a gnoll

Skill      XL: |  1 |
---------------+----+-----
Dodging        | 1 |  1.1
Long Blades    | 2 |  2.4
Fighting       | |  3.4
Armour         | |  1.9
Invocations    | |  2.6

Action                   || total
-------------------------++-------
Melee: Falchion          ||    65
Invok: Depart the Abyss  ||     1
Armor: Leather armour    ||    20
Dodge: Dodged            ||    42
       Rpst.: Falchion   ||    12
